TOP OF THE 1ST |
Stanford Cardinal batting - Pitching for Texas Christian Horned Frogs : RHP Hsin-pei Hong
|
Pitching: RHP Hsin-pei Hong
|
|
Batting: RHB Rory Howard
|
0-0: Ball 1-0: Called Strike 1-1: Foul Ball, location: 2F 1-2: Foul Ball, location: 2F 1-2: Strikes out swinging
|
Batting: RHB Fernando Vargas
|
0-0: Called Strike 0-1: Called Strike 0-2: Ball 1-2: Strikes out looking
|
Batting: LHB Geoffrey Bird
|
0-0: Ball 1-0: Ball 2-0: Called Strike 2-1: Called Strike 2-2: SINGLE (Groundball, 4M)
|
Batting: RHB Scott McGuire
|
0-0: Called Strike 0-1: Called Strike 0-2: Ball 1-2: Ground out 6-3 (Groundball, 6)
|
Top of the 1st over - 0 run(s), 1 hit(s), 0 error(s), 1 left on base; Stanford 0 - Texas Christian 0 |
BOTTOM OF THE 1ST |
Texas Christian Horned Frogs batting - Pitching for Stanford Cardinal : RHP Daniel Carter
|
Pitching: RHP Daniel Carter
|
|
Batting: LHB Paul Lee
|
0-0: Ground out 4-3 (Groundball, 4)
|
Batting: SHB Robbie Rhodes
|
0-0: Called Strike 0-1: Ball 1-1: Ball 2-1: Called Strike 2-2: Ground out 6-3 (Groundball, 6)
|
Batting: LHB Ryan Flynn
|
0-0: Ball 1-0: Fly out, F2 (Popup, 2RF)
|
Bottom of the 1st over - 0 run(s), 0 hit(s), 0 error(s), 0 left on base; Stanford 0 - Texas Christian 0 |
TOP OF THE 2ND |
Stanford Cardinal batting - Pitching for Texas Christian Horned Frogs : RHP Hsin-pei Hong
|
Batting: RHB Albert Abbott
|
0-0: Called Strike 0-1: Called Strike 0-2: Strikes out swinging
|
Batting: RHB Jake Jeffries
|
0-0: Called Strike 0-1: Swinging Strike 0-2: Foul Ball, location: 2F 0-2: SINGLE (Line Drive, 56)
|
Batting: SHB Jimmy Wilson
|
0-0: Ball 1-0: Ball 2-0: Swinging Strike 2-1: Foul Ball, location: 2F 2-2: Ball 3-2: Foul Ball, location: 2F 3-2: Foul Ball, location: 2F 3-2: Fly out, F7 (Popup, 7S)
|
Batting: RHB Millard Long
|
0-0: Ball 1-0: Called Strike 1-1: Ball 2-1: Foul Ball, location: 2F 2-2: Foul Ball, location: 2F 2-2: Ball 3-2: Foul Ball, location: 2F 3-2: Strikes out looking
|
Top of the 2nd over - 0 run(s), 1 hit(s), 0 error(s), 1 left on base; Stanford 0 - Texas Christian 0 |
BOTTOM OF THE 2ND |
Texas Christian Horned Frogs batting - Pitching for Stanford Cardinal : RHP Daniel Carter
|
Batting: RHB Anthony Walsh
|
0-0: Ball 1-0: Swinging Strike 1-1: Foul Ball, location: 2F 1-2: Ball 2-2: Fly out, F4 (Popup, 4D)
|
Batting: RHB Domingo Laydón
|
0-0: Called Strike 0-1: Ball 1-1: Called Strike 1-2: Strikes out swinging
|
Batting: SHB Richie Gallegos
|
0-0: Called Strike 0-1: Ball 1-1: Ball 2-1: Ball 3-1: Foul Ball, location: 2F 3-2: SINGLE (Line Drive, 89S)
|
Batting: RHB Stan Webb
|
0-0: Called Strike 0-1: Ball 1-1: Ball 2-1: Called Strike 2-2: Ground out 4-3 (Groundball, 4)
|
Bottom of the 2nd over - 0 run(s), 1 hit(s), 0 error(s), 1 left on base; Stanford 0 - Texas Christian 0 |
TOP OF THE 3RD |
Stanford Cardinal batting - Pitching for Texas Christian Horned Frogs : RHP Hsin-pei Hong
|
Batting: RHB Jimmie Powell
|
0-0: Ball 1-0: Foul Ball, location: 2F 1-1: Foul Ball, location: 2F 1-2: Foul Ball, location: 2F 1-2: Strikes out looking
|
Batting: RHB Rory Howard
|
0-0: Fly out, F7 (Popup, 78S)
|
Batting: RHB Fernando Vargas
|
0-0: Ball 1-0: Hit by Pitch
|
Batting: LHB Geoffrey Bird
|
0-0: Foul Ball, location: 2F 0-1: Foul Ball, location: 2F 0-2: Strikes out swinging
|
Top of the 3rd over - 0 run(s), 0 hit(s), 0 error(s), 1 left on base; Stanford 0 - Texas Christian 0 |
BOTTOM OF THE 3RD |
Texas Christian Horned Frogs batting - Pitching for Stanford Cardinal : RHP Daniel Carter
|
Batting: RHB Britt Short
|
0-0: Ground out 6-3 (Groundball, 6M)
|
Batting: RHB José Reyes
|
0-0: Ball 1-0: Called Strike 1-1: Swinging Strike 1-2: SINGLE (Groundball, 6)
|
Batting: LHB Paul Lee
|
0-0: Ball 1-0: Ball 2-0: Fielders Choice at 2nd, 6-4 (Groundball, 6)
|
Batting: SHB Robbie Rhodes
|
0-0: Ball 1-0: Ball 2-0: Swinging Strike 2-1: Ball 3-1: Ground out 4-3 (Groundball, 4)
|
Bottom of the 3rd over - 0 run(s), 1 hit(s), 0 error(s), 1 left on base; Stanford 0 - Texas Christian 0 |
TOP OF THE 4TH |
Stanford Cardinal batting - Pitching for Texas Christian Horned Frogs : RHP Hsin-pei Hong
|
Batting: RHB Scott McGuire
|
0-0: Ball 1-0: Ball 2-0: Ball 3-0: Base on Balls
|
Batting: RHB Albert Abbott
|
0-0: Foul Ball, location: 2F 0-1: Foul Ball, location: 2F 0-2: Strikes out swinging
|
Batting: RHB Jake Jeffries
|
0-0: SINGLE (Flyball, 9S) Scott McGuire to second Runner from 2nd tries for 3rd, OUT!
|
Batting: SHB Jimmy Wilson
|
0-0: Called Strike 0-1: Called Strike 0-2: Ball 1-2: Strikes out swinging
|
Top of the 4th over - 0 run(s), 1 hit(s), 0 error(s), 1 left on base; Stanford 0 - Texas Christian 0 |
BOTTOM OF THE 4TH |
Texas Christian Horned Frogs batting - Pitching for Stanford Cardinal : RHP Daniel Carter
|
Batting: LHB Ryan Flynn
|
0-0: Called Strike 0-1: Foul Ball, location: 2F 0-2: Ball 1-2: SOLO HOME RUN (Flyball, 89XD), Distance : 408 ft
|
Batting: RHB Anthony Walsh
|
0-0: Foul Ball, location: 2F 0-1: Called Strike 0-2: Foul Ball, location: 2F 0-2: Fly out, F8 (Flyball, 8RXD)
|
Batting: RHB Domingo Laydón
|
0-0: Ground out 5-3 (Groundball, 56S)
|
Batting: SHB Richie Gallegos
|
0-0: Foul Ball, location: 2F 0-1: Called Strike 0-2: Ball 1-2: Ground out 5-3 (Groundball, 5S)
|
Bottom of the 4th over - 1 run(s), 1 hit(s), 0 error(s), 0 left on base; Stanford 0 - Texas Christian 1 |
TOP OF THE 5TH |
Stanford Cardinal batting - Pitching for Texas Christian Horned Frogs : RHP Hsin-pei Hong
|
Batting: RHB Millard Long
|
0-0: Ball 1-0: Foul Ball, location: 2F 1-1: Called Strike 1-2: Ball 2-2: Ball 3-2: Fly out, F9 (Flyball, 89D)
|
Batting: RHB Jimmie Powell
|
0-0: Ball 1-0: Swinging Strike 1-1: Foul Ball, location: 2F 1-2: Foul Ball, location: 2F 1-2: Foul Ball, location: 2F 1-2: Ball 2-2: SINGLE (Groundball, 25) (infield hit)
|
Pitching: LHP Ralph Slater
|
|
Batting: RHB Rory Howard
|
0-0: Ball 1-0: Ball 2-0: Foul Ball, location: 2F 2-1: Called Strike 2-2: Ball 3-2: Base on Balls Jimmie Powell to second
|
Batting: RHB Fernando Vargas
|
0-0: Ball 1-0: Called Strike 1-1: Ball 2-1: Ball 3-1: Fly out, F5 (Line Drive, 5)
|
Batting: LHB Geoffrey Bird
|
0-0: Swinging Strike 0-1: Ball 1-1: Ball 2-1: Ball 3-1: Base on Balls Jimmie Powell to third Rory Howard to second
|
Batting: RHB Scott McGuire
|
0-0: Ball 1-0: SINGLE (Groundball, 5D) Jimmie Powell scores Rory Howard to third Geoffrey Bird to second Runner from 3rd tries for Home, SAFE, no throw or cutoff
|
Batting: RHB Albert Abbott
|
0-0: Ball 1-0: Called Strike 1-1: Foul Ball, location: 2F 1-2: Ball 2-2: Foul Ball, location: 2F 2-2: Ball 3-2: Foul Ball, location: 2F 3-2: Fly out, F9 (Flyball, 9LS)
|
Top of the 5th over - 2 run(s), 2 hit(s), 0 error(s), 2 left on base; Stanford 2 - Texas Christian 1 |
BOTTOM OF THE 5TH |
Texas Christian Horned Frogs batting - Pitching for Stanford Cardinal : RHP Daniel Carter
|
Batting: RHB Stan Webb
|
0-0: Ground out 5-3 (Groundball, 5S)
|
Batting: RHB Britt Short
|
0-0: Called Strike 0-1: Swinging Strike 0-2: Ball 1-2: Strikes out swinging
|
Batting: RHB José Reyes
|
0-0: Ball 1-0: Foul Ball, location: 2F 1-1: Fly out, F1 (Line Drive, 15)
|
Bottom of the 5th over - 0 run(s), 0 hit(s), 0 error(s), 0 left on base; Stanford 2 - Texas Christian 1 |
TOP OF THE 6TH |
Stanford Cardinal batting - Pitching for Texas Christian Horned Frogs : LHP Ralph Slater
|
Batting: RHB Jake Jeffries
|
0-0: Ball 1-0: Ball 2-0: Called Strike 2-1: Ball 3-1: Swinging Strike 3-2: Foul Ball, location: 2F 3-2: Base on Balls
|
Batting: SHB Jimmy Wilson
|
0-0: Fly out, F2 (Popup, 23F)
|
Batting: RHB Millard Long
|
0-0: Called Strike 0-1: Swinging Strike 0-2: Ball 1-2: Ball 2-2: Foul Ball, location: 2F 2-2: Ball Wild Pitch! Jake Jeffries to second 3-2: Base on Balls
|
Batting: RHB Jimmie Powell
|
0-0: Grounds into double play, 5-4-3 (Groundball, 56)
|
Top of the 6th over - 0 run(s), 0 hit(s), 0 error(s), 1 left on base; Stanford 2 - Texas Christian 1 |
BOTTOM OF THE 6TH |
Texas Christian Horned Frogs batting - Pitching for Stanford Cardinal : RHP Daniel Carter
|
Batting: LHB Paul Lee
|
0-0: Ball 1-0: SINGLE (Line Drive, 4MD)
|
Batting: SHB Robbie Rhodes
|
0-0: Ball 1-0: Ball 2-0: Called Strike 2-1: Ball 3-1: Reached on error, E4 (Groundball, 4) Paul Lee to second
|
Batting: LHB Ryan Flynn
|
0-0: SINGLE (Groundball, 4MD) Paul Lee to third Robbie Rhodes to second Runner from 3rd tries for Home, SAFE, no throw or cutoff
|
Batting: RHB Anthony Walsh
|
0-0: DOUBLE (Flyball, 89M) Robbie Rhodes scores Ryan Flynn to third
|
Batting: RHB Domingo Laydón
|
0-0: Ball 1-0: Foul Ball, location: 2F 1-1: Ground out 4-3 (Groundball, 34)
|
Batting: SHB Richie Gallegos
|
0-0: Intentional Walk
|
Pitching: RHP Ben Stewart
|
|
Batting: RHB Stan Webb
|
0-0: Foul Ball, location: 2F 0-1: Called Strike 0-2: Ball 1-2: Strikes out swinging
|
Pitching: RHP Donald Blair
|
|
Batting: RHB Britt Short
|
0-0: Foul Ball, location: 2F 0-1: Foul Ball, location: 2F 0-2: Foul Ball, location: 2F 0-2: Ball 1-2: Strikes out swinging
|
Bottom of the 6th over - 2 run(s), 3 hit(s), 1 error(s), 3 left on base; Stanford 2 - Texas Christian 3 |
TOP OF THE 7TH |
Stanford Cardinal batting - Pitching for Texas Christian Horned Frogs : LHP Ralph Slater
|
Batting: RHB Rory Howard
|
0-0: Ball 1-0: Swinging Strike 1-1: Ball 2-1: Called Strike 2-2: Ball 3-2: Foul Ball, location: 2F 3-2: SINGLE (Line Drive, 8LS)
|
Pitching: RHP Roberto Marino
|
|
Batting: RHB Fernando Vargas
|
0-0: Called Strike 0-1: Ball 1-1: Bunted foul 1-2: Strikes out looking
|
Batting: LHB Geoffrey Bird
|
0-0: Ball Rory Howard steals 2nd base 1-0: Ball 2-0: Ball 3-0: Base on Balls
|
Batting: RHB Scott McGuire
|
0-0: Swinging Strike 0-1: Foul Ball, location: 2F 0-2: Strikes out swinging
|
Batting: RHB Albert Abbott
|
0-0: Ground out 5-3 (Groundball, 5)
|
Top of the 7th over - 0 run(s), 1 hit(s), 0 error(s), 2 left on base; Stanford 2 - Texas Christian 3 |
BOTTOM OF THE 7TH |
Texas Christian Horned Frogs batting - Pitching for Stanford Cardinal : RHP Donald Blair
|
Batting: RHB José Reyes
|
0-0: Foul Ball, location: 2F 0-1: Swinging Strike 0-2: Ball 1-2: Strikes out swinging
|
Batting: LHB Paul Lee
|
0-0: SOLO HOME RUN (Flyball, 8RXD), Distance : 448 ft
|
Batting: SHB Robbie Rhodes
|
0-0: Swinging Strike 0-1: Foul Ball, location: 2F 0-2: Strikes out swinging
|
Batting: LHB Ryan Flynn
|
0-0: Fly out, F8 (Flyball, 8LS)
|
Bottom of the 7th over - 1 run(s), 1 hit(s), 0 error(s), 0 left on base; Stanford 2 - Texas Christian 4 |
TOP OF THE 8TH |
Stanford Cardinal batting - Pitching for Texas Christian Horned Frogs : RHP Roberto Marino
|
Batting: RHB Jake Jeffries
|
0-0: Ball 1-0: Called Strike 1-1: Ball 2-1: Fly out, F9 (Flyball, 9M)
|
Batting: SHB Jimmy Wilson
|
0-0: Foul Ball, location: 2F 0-1: Reached on error, E5 (Groundball, 56)
|
Batting: RHB Millard Long
|
0-0: Reached on error, E1 (Groundball, 23) Jimmy Wilson to second
|
Batting: RHB Jimmie Powell
|
0-0: Ball 1-0: Swinging Strike 1-1: Swinging Strike 1-2: Strikes out swinging
|
Pinch Hitting: RHB Bill Reed
|
0-0: Ball 1-0: Called Strike 1-1: Called Strike 1-2: DOUBLE (Flyball, 78M) Jimmy Wilson scores Millard Long to third
|
Batting: RHB Fernando Vargas
|
0-0: Ball 1-0: Ball 2-0: Called Strike 2-1: Ball 3-1: 3-RUN HOME RUN (Flyball, 7D), Distance : 408 ft
|
Pitching: LHP William Romero
|
|
Batting: LHB Geoffrey Bird
|
0-0: Called Strike 0-1: Ball 1-1: Foul Ball, location: 2F 1-2: Ball 2-2: Ground out 4-3 (Groundball, 4)
|
Top of the 8th over - 4 run(s), 2 hit(s), 2 error(s), 0 left on base; Stanford 6 - Texas Christian 4 |
BOTTOM OF THE 8TH |
Texas Christian Horned Frogs batting - Pitching for Stanford Cardinal : RHP Donald Blair
|
Now in CF: Dylan Wolf
|
|
Batting: RHB Anthony Walsh
|
0-0: Ball 1-0: Ball 2-0: Ground out 5-3 (Groundball, 5)
|
Batting: RHB Domingo Laydón
|
0-0: Ball 1-0: Fly out, F2 (Popup, 2LF)
|
Batting: SHB Richie Gallegos
|
0-0: Foul Ball, location: 2F 0-1: Foul Ball, location: 2F 0-2: Foul Ball, location: 2F 0-2: Foul Ball, location: 2F 0-2: Foul Ball, location: 2F 0-2: Ball 1-2: Fly out, F2 (Popup, 2LF)
|
Bottom of the 8th over - 0 run(s), 0 hit(s), 0 error(s), 0 left on base; Stanford 6 - Texas Christian 4 |
TOP OF THE 9TH |
Stanford Cardinal batting - Pitching for Texas Christian Horned Frogs : LHP William Romero
|
Batting: RHB Scott McGuire
|
0-0: Ball 1-0: Called Strike 1-1: Ball 2-1: Ball 3-1: Called Strike 3-2: Base on Balls
|
Batting: RHB Albert Abbott
|
0-0: Ball 1-0: Ball 2-0: Called Strike 2-1: Ball 3-1: Base on Balls Scott McGuire to second
|
Batting: RHB Jake Jeffries
|
0-0: Ball 1-0: Bunted foul 1-1: Bunt missed! 1-2: Ball 2-2: Fly out, F3 (Popup, 34S)
|
Batting: SHB Jimmy Wilson
|
0-0: Grounds into double play, 4-6-3 (Groundball, 4)
|
Top of the 9th over - 0 run(s), 0 hit(s), 0 error(s), 1 left on base; Stanford 6 - Texas Christian 4 |
BOTTOM OF THE 9TH |
Texas Christian Horned Frogs batting - Pitching for Stanford Cardinal : RHP Donald Blair
|
Pitching: LHP Robert Cochran
|
|
Batting: RHB Stan Webb
|
0-0: Foul Ball, location: 2F 0-1: Ball 1-1: Ground out 6-3 (Groundball, 6)
|
Batting: RHB Britt Short
|
0-0: Ball 1-0: SINGLE (Line Drive, 6D)
|
Batting: RHB José Reyes
|
0-0: Ball 1-0: Ball 2-0: Swinging Strike 2-1: Foul Ball, location: 2F 2-2: Ball 3-2: Strikes out looking
|
Batting: LHB Paul Lee
|
0-0: Ball 1-0: Ball 2-0: Ball 3-0: Called Strike 3-1: Base on Balls Britt Short to second
|
Batting: SHB Robbie Rhodes
|
0-0: Called Strike 0-1: Fly out, F3 (Popup, 34S)
|
Bottom of the 9th over - 0 run(s), 1 hit(s), 0 error(s), 2 left on base; Stanford 6 - Texas Christian 4 |
|